Map: 글리터링 애쉬즈 - 래더

Players

Ryung

  • Race: Terran Terran
  • League: Master

Dream - Winner!

  • Race: Terran Terran
  • League: Master

Event: DreamHack SC2 Masters Last Chance 2022

VOD

Have the link to the VOD?

Description

Time

  • Played on: Dec. 15, 2021, 4:22 a.m.
  • Length: 20:31

All games in this series

Show
View Real Time Build Order
Export as new Build Order

Ryung Terran 

Build Orders: Gas First Reaper Expand 

Get SALT Encoding   

  12  0:00  SCV  
  13  0:12  SCV  
  14  0:17  Supply Depot  
  14  0:24  SCV  
  14  0:27  Refinery  
  15  0:38  SCV  
  16  0:44  Barracks  
  16  0:50  SCV  
  17  1:02  SCV  
  18  1:14  SCV  
  19  1:30  Orbital Command  
  19  1:31  Reaper  
  19  1:32  Supply Depot  
  20  1:47  Command Center  
  20  1:55  Factory  
  20  1:56  SCV  
  21  2:05  Barracks Reactor, Refinery  
  21  2:08  SCV  
  21  2:14  Supply Depot  
  22  2:20  SCV  
  23  2:35  SCV  
  24  2:39  Hellion  
  24  2:41  Marine x2  
  24  2:43  Starport  
  24  2:57  SCV  
  24  3:06  Orbital Command  
  24  3:11  SCV  
  25  3:16  Hellion  
  24  3:32  SCV  
  26  3:34  Hellion  
  26  3:37  Starport Tech Lab  
  26  3:43  Hellion  
  28  3:50  SCV x2  
  28  3:51  Barracks Tech Lab  
  30  3:58  Banshee  
  33  4:03  SCV  
  33  4:04  SCV  
  35  4:11  Orbital Command  
  35  4:15  SCV  
  36  4:19  Cyclone  
  36  4:22  Supply Depot  
  39  4:24  Marine  
  39  4:25  Marine  
  39  4:27  SCV  
  42  4:36  SCV  
  43  4:39  SCV  
  43  4:44  Raven  
  46  4:46  Refinery  
  46  4:47  Marine  
  46  4:48  Marine  
  46  4:50  SCV  
  46  4:52  Supply Depot, SCV  
  50  5:03  SCV  
  50  5:04  SCV  
  52  5:11  Supply Depot  
  52  5:13  Siege Tank  
  55  5:15  SCV  
  55  5:16  SCV  
  57  5:25  Command Center  
  57  5:27  SCV  
  57  5:28  SCV  
  59  5:33  Raven  
  61  5:39  SCV  
  61  5:40  SCV  
  63  5:46  Refinery  
  63  5:48  Siege Tank  
  66  5:52  SCV x2  
  66  5:54  Supply Depot  
  68  6:04  SCV x2  
  70  6:16  SCV x2  
  72  6:20  Siege Tank  
  75  6:28  SCV x2  
  75  6:29  Barracks x2  
  77  6:37  Viking x2  
  81  6:40  Orbital Command  
  81  6:41  SCV x2  
  83  6:52  Siege Tank  
  83  6:53  SCV  
  87  6:55  Engineering Bay  
  87  6:57  SCV, Engineering Bay  
  88  7:05  SCV  
  89  7:11  Viking x2  
  93  7:17  Barracks Reactor  
  93  7:18  Barracks Reactor  
  93  7:20  Orbital Command  
  90  7:24  SCV x2  
  92  7:35  Refinery  
  92  7:41  Terran Infantry Weapons Level 1, Terran Infantry Armor Level 1  
  92  7:47  SCV  
  93  7:51  Supply Depot  
  93  7:52  SCV x2, Siege Tank  
  93  7:53  Supply Depot  
  88  8:15  Viking x2, Marine  
  88  8:18  Marine x3  
  96  8:20  Stimpack, SCV  
  96  8:21  SCV x2, Barracks  
  96  8:22  Barracks  
  96  8:26  Sensor Tower  
  99  8:30  Siege Tank  
  99  8:37  Marine x4  
  99  8:39  SCV  
  99  8:41  Refinery  
  104  8:42  Refinery  
  104  8:43  Refinery  
  104  8:45  Marine  
  105  8:51  Liberator  
  105  8:53  SCV x2  
  105  8:54  Marine x2  
  105  8:55  Marine x2  
  114  9:00  SCV  
  115  9:05  SCV  
  116  9:10  Supply Depot, Armory  
  116  9:14  Barracks Reactor x2  
  116  9:15  Marine  
  117  9:25  Supply Depot  
  117  9:26  Marine x2  
  117  9:27  SCV x3, Siege Tank  
  125  9:32  Medivac, Marine  
  125  9:34  Medivac  
  130  9:41  SCV x2  
  130  9:42  SCV  
  130  9:44  Command Center  
  133  9:49  Marine  
  133  9:50  Marine x2  
  135  9:53  Marine x3  
  135  9:54  Supply Depot  
  138  10:00  Terran Infantry Weapons Level 2, Terran Infantry Armor Level 2  
  138  10:05  Supply Depot  
  138  10:07  Marine  
  139  10:14  Combat Shield  
  139  10:16  Siege Tank  
  139  10:18  Factory  
  142  10:22  Marine x2  
  142  10:23  Marine x4  
  142  10:28  Terran Vehicle Weapons Level 1  
  148  10:31  Missile Turret  
  148  10:33  Supply Depot, SCV x3  
  148  10:34  Marine x3  
  154  10:36  Viking  
  156  10:48  Viking  
  156  10:54  Siege Tank  
  159  10:58  Starport  
  159  11:00  Starport  
  159  11:02  SCV x3  
  162  11:05  Factory Tech Lab  
  162  11:10  Marine x3  
  165  11:13  Marine x2  
  165  11:17  Viking  
  164  11:18  Viking  
  164  11:24  SCV x2  
  164  11:26  Siege Tank  
  163  11:34  Sensor Tower  
  163  11:35  Marine  
  163  11:39  Siege Tank  
  167  11:40  Starport Tech Lab x2  
  167  11:41  Planetary Fortress  
  167  11:48  Marine x2  
  167  11:49  Marine  
  168  11:54  Marine  
  168  11:55  Marine  
  168  11:56  Marine x2  
  168  11:58  Siege Tank  
  168  12:00  Marine x2  
  173  12:02  SCV, Refinery  
  173  12:03  SCV, Refinery, Sensor Tower  
  175  12:13  Raven x2  
  178  12:36  Command Center  
  178  12:40  Terran Infantry Weapons Level 3  
  178  12:42  Command Center  
  178  12:44  Siege Tank  
  178  12:49  Marine x6  
  178  12:50  Siege Tank  
  160  12:52  Viking x2  
  160  12:55  SCV x3  
  167  13:01  Raven  
  167  13:02  Marine x3  
  172  13:07  Marine x3  
  172  13:10  Missile Turret  
  175  13:12  Missile Turret  
  175  13:14  Terran Infantry Armor Level 3  
  175  13:16  Siege Tank  
  175  13:19  Marine x2  
  178  13:20  Marine x2  
  178  13:30  Marine x2  
  178  13:34  Supply Depot  
  180  13:35  Supply Depot x2  
  180  13:44  Marine x2  
  175  13:49  Siege Tank x2  
  175  13:52  Viking x3  
  175  13:53  Viking  
  185  13:55  Orbital Command  
  185  14:00  Missile Turret  
  185  14:03  Missile Turret  
  185  14:16  Orbital Command  
  183  14:24  Raven  
  183  14:25  Raven  
  183  14:27  Marine x2  
  187  14:41  Siege Tank x2  
  187  14:43  Marine x3  
  187  14:44  Marine x4  
  187  14:45  Marine x2  
  158  14:50  Viking x2  
  144  15:01  Marine x4  
  144  15:02  Marine x5  
  139  15:07  Raven x2  
  139  15:14  Planetary Fortress  
  136  15:18  Marine  
  136  15:19  Marine x5  
  136  15:20  Marine x3  
  141  15:22  Siege Tank x2  
  146  15:36  Marine x2  
  146  15:37  Marine x4  
  152  15:42  Terran Vehicle Weapons Level 2  
  152  15:44  Marine x3  
  155  15:50  Raven x2  
  155  15:54  Marine x2  
  155  15:55  Medivac x2, Marine  
  166  15:58  Orbital Command  
  166  15:59  Refinery x2  
  166  16:17  Marine x6  
  166  16:18  Marine x3  
  175  16:19  Siege Tank  
  175  16:20  Siege Tank  
  180  16:35  Reaper, Marine  
  180  16:38  Marine x2  
  161  16:40  Marine x2  
  161  16:41  Marine  
  161  16:45  Marine x2  
  125  16:54  Marine  
  125  16:55  Raven x2, Marine x2  
  125  16:56  Medivac x2  
  125  16:58  Marine x2  
  125  16:59  Marine  
  129  17:03  Marine x2  
  129  17:04  Siege Tank  
  129  17:07  Marine  
  138  17:08  Siege Tank  
  138  17:12  Marine  
  138  17:13  Marine x2  
  141  17:15  Refinery  
  141  17:16  Marine x2  
  141  17:19  Marine  
  141  17:20  Marine x2  
  146  17:25  Marine  
  146  17:27  Command Center  
  147  17:30  Marine  
  147  17:31  Marine  
  143  17:38  Marine x3  
  143  17:39  Marine x2  
  143  17:42  Siege Tank x2  
  145  17:44  Marine x2  
  145  17:48  Marine  
  145  17:49  Marine  
  149  17:53  Medivac, Raven x2  
  149  17:56  Marine x3  
  149  17:57  Marine x2  
  160  18:02  Marine x2  
  162  18:06  Marine  
  162  18:07  Marine  
  161  18:13  Marine  
  161  18:14  Siege Tank x2, Marine x2  
  161  18:15  Marine x2  
  161  18:19  Viking  
  171  18:20  Marine x2  
  171  18:24  Marine x2  
  175  18:31  Marine x3  
  175  18:33  Marine x2  
  167  18:37  Marine x2  
  167  18:40  Raven x2  
  167  18:41  Viking  
  175  18:49  Viking  
  175  18:55  Marine x3  
  179  18:56  Marine  
  179  19:01  Marine  
  182  19:06  Marine  
  182  19:08  Marine  
  182  19:09  Marine x2  
  165  19:12  Marine  
  165  19:13  Marine x2  
  168  19:21  Marine x2  
  168  19:22  Siege Tank x2  
  173  19:24  Marine  
  173  19:26  Marine x2  
  173  19:27  Marine  
  162  19:38  Marine x2  
  162  19:39  Marine x3  
  162  19:42  Marine  
  162  19:44  Raven x2, Marine x3  
  168  19:53  Viking  
  168  19:54  Viking  
  168  19:56  Marine x4  
  168  19:57  Marine  
  177  20:00  Marine  
  177  20:02  Marine x2  
Show
View Real Time Build Order
Export as new Build Order

Dream Terran - Winner!

Build Orders:  

Get SALT Encoding   

  12  0:00  SCV  
  13  0:12  SCV  
  14  0:17  Supply Depot  
  14  0:24  SCV  
  15  0:38  SCV  
  15  0:40  Barracks  
  16  0:46  Refinery  
  16  0:50  SCV  
  17  0:59  Barracks  
  17  1:03  SCV  
  18  1:15  SCV  
  19  1:27  Orbital Command  
  19  1:28  Reaper  
  19  1:31  Supply Depot  
  20  1:46  Reaper  
  21  1:53  SCV  
  22  2:05  Reaper  
  22  2:06  SCV  
  24  2:12  Command Center  
  24  2:19  SCV, Refinery  
  25  2:23  Reaper  
  25  2:28  Supply Depot  
  26  2:32  SCV  
  27  2:44  SCV  
  28  2:56  SCV  
  29  3:00  Factory  
  29  3:07  Marine  
  29  3:12  SCV  
  31  3:24  SCV  
  31  3:25  Marine  
  33  3:36  SCV, Orbital Command  
  33  3:38  Command Center  
  34  3:42  Bunker  
  34  3:45  Factory Tech Lab  
  34  3:47  Starport  
  33  3:50  SCV  
  34  4:03  SCV x2  
  34  4:06  Siege Tank  
  34  4:08  Barracks Reactor  
  39  4:13  Refinery  
  39  4:16  Barracks Tech Lab  
  39  4:17  SCV x2  
  41  4:24  Viking  
  43  4:30  Supply Depot, SCV x2  
  45  4:35  Marine  
  45  4:36  Stimpack  
  46  4:42  SCV x2  
  46  4:45  Marine x2  
  50  4:46  Supply Depot  
  50  4:48  Siege Tank  
  53  4:53  Orbital Command  
  53  4:56  SCV x2  
  53  4:59  Starport Reactor, Marine  
  56  5:04  Marine x2  
  58  5:08  SCV x2  
  58  5:10  Supply Depot  
  58  5:13  Orbital Command  
  60  5:18  Marine  
  61  5:21  SCV x2  
  61  5:23  Refinery  
  61  5:25  Marine  
  61  5:26  Marine  
  65  5:33  SCV, Siege Tank  
  69  5:38  Engineering Bay  
  69  5:42  Engineering Bay  
  69  5:43  SCV x2  
  69  5:45  Marine x3  
  74  5:53  Barracks  
  74  5:54  SCV  
  74  5:55  SCV  
  75  6:00  SCV  
  74  6:05  Marine x2  
  74  6:06  SCV, Marine  
  74  6:07  Medivac x2  
  74  6:09  Terran Infantry Weapons Level 1  
  74  6:10  Terran Infantry Armor Level 1  
  81  6:15  SCV  
  81  6:16  Siege Tank  
  85  6:19  Combat Shield  
  85  6:21  SCV  
  85  6:23  SCV  
  87  6:27  Marine  
  87  6:28  Supply Depot, Marine x2  
  90  6:36  SCV x2  
  90  6:37  SCV  
  93  6:41  Barracks Reactor  
  93  6:44  Supply Depot  
  93  6:47  Refinery  
  93  6:49  Medivac x2, Refinery, Marine x3  
  93  6:52  SCV  
  101  7:01  Barracks  
  101  7:02  Armory  
  101  7:05  SCV x3, Barracks  
  101  7:07  Marine  
  104  7:17  SCV, Marine  
  104  7:18  Marine x3  
  100  7:25  Siege Tank, Marine  
  100  7:26  Viking  
  100  7:27  Viking  
  108  7:31  SCV  
  109  7:40  Command Center  
  109  8:04  Barracks Reactor x2  
  109  8:06  Marine x2  
  109  8:07  SCV  
  109  8:12  SCV, Marine  
  109  8:13  SCV, Marine x2  
  109  8:17  Viking  
  109  8:22  Supply Depot x2  
  109  8:23  Supply Depot  
  109  8:29  Viking, Marine x2  
  109  8:30  SCV  
  109  8:34  Terran Infantry Weapons Level 2, Terran Infantry Armor Level 2  
  109  8:35  Supply Depot, Terran Vehicle Weapons Level 1  
  109  8:36  Supply Depot  
  109  8:43  SCV x2, Siege Tank, Marine x3  
  109  8:44  SCV  
  109  8:45  Factory  
  109  8:46  Marine x2  
  109  8:48  Marine x3  
  123  8:55  Orbital Command  
  123  8:57  SCV x2  
  123  8:59  SCV  
  123  9:01  Marine x2  
  128  9:03  Marine x2  
  128  9:04  Marine x2  
  128  9:08  Viking  
  134  9:11  Sensor Tower  
  134  9:12  SCV x2  
  134  9:14  Marine x2  
  134  9:15  Marine  
  139  9:21  Siege Tank, Viking  
  139  9:23  SCV  
  145  9:28  SCV x2  
  147  9:32  Refinery x2  
  147  9:33  SCV  
  147  9:35  SCV  
  147  9:36  Sensor Tower  
  148  9:40  Siege Tank  
  148  9:41  Supply Depot  
  148  9:44  Viking  
  153  9:52  Viking  
  155  9:53  Siege Tank  
  155  9:56  Marine x6  
  164  10:02  Marine x3  
  167  10:09  Supply Depot x2  
  167  10:12  Supply Depot  
  167  10:13  Command Center  
  167  10:14  Marine x3  
  170  10:21  Marine x2  
  170  10:26  Starport  
  170  10:27  Starport  
  172  10:29  Marine  
  172  10:30  Viking x2  
  172  10:33  Terran Vehicle Weapons Level 2  
  172  10:34  Supply Depot  
  175  10:49  Siege Tank x2  
  181  10:56  Command Center  
  178  11:05  Terran Infantry Weapons Level 3, Terran Infantry Armor Level 3  
  178  11:09  Starport Tech Lab x2  
  178  11:10  Viking x2  
  182  11:12  Starport  
  179  11:32  Siege Tank  
  179  11:33  Siege Tank  
  179  11:34  Viking x2  
  182  11:59  Starport Tech Lab, Viking x2  
  184  12:03  Raven  
  184  12:04  Raven  
  188  12:18  Raven  
  188  12:21  Corvid Reactor  
  190  12:24  Orbital Command x2  
  190  12:27  Command Center x2  
  190  12:30  Viking x2, Command Center  
  194  12:44  Marine  
  194  12:45  Marine x8  
  194  12:46  Siege Tank x2, Raven x2  
  165  12:55  Terran Vehicle Weapons Level 3  
  165  13:02  Armory, Marine x2  
  165  13:05  Raven, Viking x2  
  173  13:19  Siege Tank x2  
  179  13:22  Marine x8  
  186  13:29  Raven x2  
  186  13:33  Marine  
  191  13:35  Viking x2  
  191  13:40  Marine x5  
  190  13:48  Raven  
  192  14:05  Viking x2  
  196  14:12  Raven x2  
  196  14:15  Terran Ship Weapons Level 1, Neosteel Armor  
  200  14:20  Orbital Command  
  194  14:41  Marine  
  194  14:42  Marine x3  
  194  14:44  Marine x3  
  160  14:46  Marine x2  
  160  14:48  Refinery  
  160  14:49  Refinery  
  148  14:54  Raven  
  148  14:55  Raven x2, Viking x2  
  148  14:59  Marine x4  
  157  15:02  Marine x3  
  157  15:04  Marine x2  
  157  15:05  Siege Tank x2  
  162  15:17  Marine x4  
  162  15:18  Planetary Fortress  
  162  15:20  Marine x3  
  169  15:22  Marine x2  
  169  15:25  Viking  
  173  15:31  Planetary Fortress, Barracks  
  173  15:33  Terran Vehicle And Ship Armor Level 1  
  173  15:34  Barracks  
  173  15:35  Marine x4  
  174  15:37  Barracks  
  174  15:38  Marine x3  
  174  15:39  Raven, Marine  
  174  15:40  Raven, Marine  
  181  15:43  Raven  
  181  15:44  Command Center  
  181  15:45  Refinery  
  181  15:46  Command Center  
  181  15:48  Refinery  
  183  15:53  Marine x4  
  183  15:56  Marine x2  
  189  16:04  Siege Tank x2  
  195  16:22  Raven x2  
  180  16:46  Marine x2  
  180  16:47  Marine  
  155  16:51  Marine x6  
  137  16:55  Siege Tank x2  
  137  16:57  Raven  
  137  16:58  Viking x2  
  142  17:02  Barracks Reactor  
  142  17:03  Barracks Reactor x2, Orbital Command x2  
  142  17:04  Marine x3  
  142  17:05  Raven x2  
  144  17:09  Marine x3  
  144  17:11  Marine x3  
  144  17:13  Sensor Tower  
  150  17:22  Marine x3  
  152  17:27  Siege Tank x2, Marine x2  
  152  17:28  Medivac x2  
  161  17:37  Marine x4  
  161  17:40  Raven, Marine x2  
  161  17:42  Marine x3  
  161  17:44  Marine x4  
  164  17:46  Orbital Command  
  164  17:47  Marine x2  
  164  17:48  Orbital Command  
  170  17:55  Marine x2  
  170  17:58  Marine x4  
  170  17:59  Siege Tank x2  
  170  18:00  Marine x3  
  170  18:01  Liberator x2  
  184  18:14  Raven x2  
  184  18:16  Marine x4  
  184  18:19  Marine  
  193  18:22  Marine  
  193  18:23  Raven  
  193  18:27  Marine x2  
  195  18:31  Marine x3  
  189  19:37  Marine  
  189  19:38  Marine x6  
  193  19:41  Siege Tank x2  
  199  19:54  Marine  

Tags
 
Add a new tag
Caveats
  • Supply blocks, unpowered buildings, or Contaminate may cause inaccurate times.
  • Supply counts are checked every 10 seconds.